AoeStats
← |GaoeG| flamingo

African Clearing

510395261Analyzed
2v2 RM · 21h ago on Sep 30, 2026· 46m 25s· 4 players
Game mode
Random Map
Map size
Medium (4 player)
Population
200
Speed
Normal
Resources
Standard
Victory
Conquest
Starting age
Dark Age
Ending age
Imperial Age
RankedLock teamsTeams togetherTeam positionsShared explorationLock speedFull tech treeHidden civsTurbo modeCheats
Victory
Defeat
🇪🇸 Berbers · Spain
1284
+15
🇪🇸 Italians · Spain
1193
+18
🇪🇸 Cumans · Spain
1279
-18
🇪🇸 Mongols · Spain
1215
-15
|GaoeG| flamingo
8:53 Loom
11:30 Feudal Age
12:20 Double-Bit Axe
14:36 Forging
15:54 Horse Collar
18:42 Bloodlines
25:09 Castle Age
24:20 Stone Mining
24:26 Gold Mining
24:29 Fletching
24:42 Padded Archer Armor
29:18 Bow Saw
29:12 Heavy Plow
29:34 Husbandry
40:02 Gold Shaft Mining
41:19 Bodkin Arrow
41:34 Scale Barding Armor
42:05 Iron Casting
43:54 Chain Barding Armor
ErafaE
5:50 Loom
12:55 Feudal Age
13:41 Double-Bit Axe
19:34 Castle Age
18:46 Gold Mining
18:46 Stone Mining
21:04 Wheelbarrow
20:40 Bow Saw
24:54 Fletching
26:22 Horse Collar
28:56 Ballistics
28:32 Bodkin Arrow
30:47 Padded Archer Armor
31:26 Heavy Plow
34:55 Hand Cart
37:11 Imperial Age
36:20 Leather Archer Armor
35:36 Pikeman
38:04 Elite Genoese Crossbowman
38:45 Bracer
39:15 Ring Archer Armor
38:40 Town Watch
39:57 Two-Man Saw
39:36 Conscription
39:32 Thumb Ring
43:05 Town Patrol
44:08 Chemistry
a.arias.age
4:07 Loom
12:23 Feudal Age
18:13 Forging
31:14 Castle Age
33:46 Pikeman
vagos.fran
8:10 Loom
11:56 Feudal Age
12:48 Double-Bit Axe
14:12 Horse Collar
20:40 Wheelbarrow
23:55 Castle Age
22:54 Bloodlines
23:12 Scale Barding Armor
23:42 Forging
24:51 Bow Saw
24:43 Heavy Plow
24:49 Gold Mining
29:10 Stone Mining
30:11 Gold Shaft Mining
31:21 Iron Casting
32:09 Chain Barding Armor
37:30 Hand Cart
42:33 Imperial Age
42:51 Fletching
43:17 Steppe Husbandry
43:38 Conscription
43:58 Plate Barding Armor
43:11 Elite Steppe Lancer
44:56 Blast Furnace
45:17 Cavalier
Connection lost

Rejoining the realm…

Still unreachable

The connection could not be restored.

Session expired

The server has moved on; the page needs a fresh start.